 Dungeon Crawl Stone Soup version 0.20-a0-1025-g4706f7e (console) character file.

38815 nht the Brawler (level 13, -7/112 HPs)
             Began as a Red Draconian Transmuter on Apr 19, 2017.
             Was the Champion of Nemelex Xobeh.
             Mangled by a spriggan rider
             ... wielding a +0 spear
              (19 damage)
             ... on level 6 of the Lair of Beasts.
             The game lasted 00:55:01 (18854 turns).

nht the Brawler (Red Draconian Transmuter)         Turns: 18854, Time: 00:55:02

Health: -7/112     AC: 11    Str: 13    XL:     13   Next: 65%
Magic:  20/20      EV: 12    Int: 19    God:    Nemelex Xobeh [******]
Gold:   930        SH:  0    Dex: 11    Spells: 8/16 levels left

rFire    + . .     SeeInvis +     - Unarmed
rCold    . . .     Gourm    .   (shield currently unavailable)
rNeg     . . .     Faith    +   (armour unavailable)
rPois    .         Spirit   .   (helmet restricted)
rElec    .         Reflect  .   x - scarf {repulsion}
rCorr    +         Harm     .   (gloves currently unavailable)
MR       +....                  d - +2 pair of boots
Stlth    +.........             P - amulet of faith
Regen    0.3/turn               q - ring of protection from magic
MPRegen  0.2/turn               L - ring of resist corrosion

@: blade hands, repel missiles
A: breathe fire, unfitting armour, see invisible, fire resistance 1,
cold-blooded, MP-powered wands, AC +8
a: Breathe Fire, End Transformation, Triple Draw, Deal Four, Stack Five,
Renounce Religion


You were on level 6 of the Lair of Beasts.
You worshipped Nemelex Xobeh.
Nemelex Xobeh was exalted by your worship.
You were not hungry.
You had blades for hands.
You visited 2 branches of the dungeon, and saw 17 of its levels.

You collected 1210 gold pieces.
You spent 280 gold pieces at shops.

Inventory:

Armour
 d - a +2 pair of boots (worn)
 k - a +1 pair of gloves (melded)
 x - a scarf of repulsion (worn)
Magical Staves
 u - an uncursed staff of air
Jewellery
 g - an uncursed ring of ice
 q - a ring of protection from magic (left scythe-like blade)
 L - a ring of resist corrosion (right scythe-like blade)
 P - an amulet of faith (around neck)
 W - an uncursed ring of flight
Wands
 j - a wand of polymorph (6/24)
 D - a wand of digging (5/24)
Scrolls
 l - 7 scrolls of teleportation
 w - a scroll of magic mapping
 y - 6 scrolls of remove curse
 A - a scroll of amnesia
 B - a scroll of enchant weapon
 E - 5 scrolls of fog
 F - a scroll of holy word
 I - 5 scrolls of recharging
 S - 3 scrolls of enchant armour
Potions
 f - 7 potions of curing
 h - 2 potions of heal wounds
 n - 3 potions of flight
 o - 5 potions of agility
 s - 2 potions of invisibility
 t - a potion of resistance
 G - 3 potions of might
 H - 2 potions of magic
 J - 4 potions of mutation
 K - 4 potions of haste
 M - 2 potions of berserk rage
 Q - a potion of brilliance
 U - 2 potions of lignification
Books
 b - a book of Changes

   Spells                             Type                      Level
   a - Beastly Appendage              Transmutation                1
   b - Sticks to Snakes               Transmutation                2
   c - Spider Form                    Transmutation/Poison         3
   d - Ice Form                       Ice/Transmutation            4
   e - Blade Hands                    Transmutation                5
 p - a book of Air

   Spells                             Type                      Level
   a - Shock                          Conjuration/Air              1
   b - Swiftness                      Charms/Air                   2
   c - Static Discharge               Conjuration/Air              3
   d - Airstrike                      Air                          4
   e - Lightning Bolt                 Conjuration/Air              5
 C - a Young Poisoner's Handbook

   Spells                             Type                      Level
   a - Sting                          Conjuration/Poison           1
   b - Poisonous Vapours              Poison/Air                   2
   c - Mephitic Cloud                 Conjuration/Poison/Air       3
   d - Olgreb's Toxic Radiance        Poison                       4
   e - Venom Bolt                     Conjuration/Poison           5
Miscellaneous
 e - an ornate deck of escape {drawn: 9}
 m - a sack of spiders
 z - a plain deck of escape
 N - an ornate deck of summoning {drawn: 3}
 O - a lamp of fire (inert)
 R - an ornate deck of summoning
 T - a plain deck of escape
 Z - an ornate deck of escape
Comestibles
 a - 9 chunks of flesh
 c - 15 bread rations
 i - 10 meat rations
 r - a fruit
 v - 18 royal jellies


   Skills:
 + Level 9.7 Fighting
 - Level 1.7 Dodging
 * Level 16.7 Unarmed Combat
 - Level 2.0 Spellcasting
 - Level 11.0 Transmutations
 + Level 9.5 Invocations


You had 8 spell levels left.
You knew the following spells:

 Your Spells              Type           Power        Failure   Level  Hunger
a - Blade Hands           Tmut           #####.....   32%         5    ######.
b - Spider Form           Tmut/Pois      ###.......   34%         3    ###....


Dungeon Overview and Level Annotations

Branches:
Dungeon (11/15)            Temple (0/1) D:6            Lair (6/6) D:11
 Shoals (0/4) Lair:2       Spider (0/4) Lair:2        Slime (0/5) Lair:6
    Orc (0/2) D:10

Altars:
Nemelex Xobeh
Uskayaw
Jiyva

Shops:
D:5 %   D:7 =   D:10 *


Innate Abilities, Weirdness & Mutations

You can breathe blasts of fire.
Your fiery red scales are hard. (AC +8)
You cannot fit into any form of body armour.
Your flesh is heat resistant. (rF+)
You are cold-blooded and may be slowed by cold attacks.
You have supernaturally acute eyesight. (SInv)
You expend magic power (3 MP) to strengthen your wands.


Message History

The spriggan rider barely misses you. The spriggan rider blocks your attack.
The spriggan rider hits you with a spear!
You barely miss the spriggan rider.
The spriggan rider hits you with a spear!!
You shred the spriggan rider!!!
The spriggan rider is severely wounded.
The spriggan rider hits you with a spear!
* * * LOW HITPOINT WARNING * * *
You barely miss the spriggan rider. Your slash misses the spriggan rider.
The spriggan rider is severely wounded.
You barely miss the spriggan rider. You tail-slap the spriggan rider.
The spriggan rider is severely wounded.
The spriggan rider hits you with a spear!
* * * LOW HITPOINT WARNING * * *
You miss the spriggan rider.
The spriggan rider is severely wounded.
The spriggan rider hits you with a spear!!
You die...
Your body glows with a rainbow of weird colours and disappears.

█...P.█..P.........(.i......P██..
...=████.........÷..........████.
P...██ █.......██....P█.....██..
...█.█ █.......█.....██...█ ██.
█...██ ██..P......█...█....█ █..
...██ █.........██....█...████.
...███ █...█P..P█.....██....██..
...█.█ ██.D█..i[██....██....██..
█....█ █S.█[..@██...██.....█...
█...██████..█....██...██.....███.
█..P██P█....█...(█.█..██.....██..
█...PP......██████.....██...█....
.................................
..███...█..████████ P.....█...P..
██


████████ █P██████.████ █ ███ You could see a spriggan rider.

Vanquished Creatures
  Gastronok (D:9)
  A hydra (Lair:2)
  2 two-headed ogres
  The ghost of anet the Magician, a journeyman DEWz of Ashenzari (D:9)
  An unseen horror (D:11)
  2 ugly things (D:11)
  An oklob plant (Lair:6)
  A manticore (D:11)
  3 elephants (Lair:4)
  4 spiny frogs
  A black mamba (Lair:4)
  2 gargoyles
  3 rime drakes
  A torpor snail (Lair:4)
  3 komodo dragons
  A polar bear (Lair:6)
  4 dream sheep (Lair:5)
  3 hippogriffs
  2 blink frogs
  A wraith (Lair:5)
  A water elemental (D:11)
  2 wyverns (Lair:3)
  3 spriggans
  A basilisk (Lair:1)
  20 yaks
  Grum (D:9)
  Edmund (D:6)
  An acid dragon (D:11)
  7 water moccasins
  6 porcupines
  A floating eye (Lair:4)
  2 swamp drakes (Lair:3)
  2 orc warriors
  5 sky beasts
  7 ice beasts
  2 black bears
  An eye of draining (D:9)
  A necrophage (D:9)
  11 wolves
  2 phantoms
  12 centaurs
  4 ogres
  9 crocodiles
  A big kobold (D:5)
  17 bullfrogs
  5 scorpions
  4 wights (D:11)
  20 killer bees
  3 electric eels (D:11)
  3 howler monkeys (D:9)
  A bullfrog zombie (D:9)
  4 crimson imps
  2 centaur zombies
  2 quasits
  Crazy Yiuf (D:4)
  A gnoll shaman (D:6)
  6 hounds
  7 orc priests
  A bullfrog skeleton (D:6)
  6 orc wizards
  2 centaur skeletons
  An iguana (D:6)
  Natasha (thrice) (D:2)
  4 worker ants
  A hound zombie (D:11)
  A hound skeleton (D:10)
  A worker ant zombie (D:7)
  7 gnolls
  9 adders
  6 shadow imps
  2 oozes (D:3)
  An adder skeleton (D:6)
  2 dart slugs
  2 leopard geckos
  33 orcs
  14 bats
  A giant cockroach (D:3)
  10 goblins
  8 hobgoblins
  13 jackals
  14 kobolds
  3 frilled lizards
  12 rats
  2 fungi
  9 plants
385 creatures vanquished.

Vanquished Creatures (collateral kills)
  Josephine (Lair:5)
  4 hydras
  A two-headed ogre (D:8)
  Erica (D:8)
  The ghost of Duffy the Blocker, a novice FoFi of Makhleb (D:8)
  Pikel (D:8)
  2 oklob plants (Lair:6)
  A merfolk siren (Lair:2)
  2 elephants (Lair:4)
  2 black mambas
  A torpor snail (Lair:6)
  6 spiny frogs
  Psyche (D:8)
  A rime drake (Lair:6)
  3 merfolk (Lair:2)
  A hornet (Lair:6)
  5 blink frogs
  2 hippogriffs
  A redback (Lair:2)
  A tarantella (Lair:6)
  3 wraiths (Lair:5)
  12 yaks
  A spriggan (Lair:6)
  A hungry ghost (D:10)
  A water moccasin (Lair:6)
  An ice beast (D:9)
  A black bear (Lair:6)
  2 slaves (D:8)
  An ogre (D:8)
  10 wolves
  A crocodile (Lair:1)
  A gnoll sergeant (D:9)
  6 killer bees
  2 crimson imps (D:9)
  A quasit (D:8)
  A hound (D:8)
  An iguana (D:9)
  4 gnolls (D:9)
  2 quokkas
  A quokka zombie (D:8)
  3 fungi
  A plant (Lair:6)
95 creatures vanquished.

Vanquished Creatures (others)
  A hydra (Lair:4)
  An elephant (Lair:4)
  2 yaks (Lair:5)
  A slave (D:8)
  A wolf (D:9)
  A killer bee (D:9)
  A ball lightning (Lair:4)
  A bush (Lair:6)
  27 fungi
  18 plants
54 creatures vanquished.

Grand Total: 534 creatures vanquished

Notes
Turn   | Place    | Note
-------+----------+-------------------------------------------
     0 | D:1      | nht the Draconian Transmuter began the quest for the Orb.
     0 | D:1      | Reached XP level 1. HP: 16/16 MP: 3/3
   175 | D:1      | Reached XP level 2. HP: 18/23 MP: 3/5
   715 | D:1      | Reached XP level 3. HP: 26/28 MP: 6/6
   941 | D:2      | Noticed Natasha
   942 | D:2      | Reached skill level 4 in Unarmed Combat
   947 | D:2      | Killed Natasha
   947 | D:2      | Reached XP level 4. HP: 13/35 MP: 7/7
  1132 | D:2      | Noticed Natasha
  1141 | D:2      | Killed Natasha
  1177 | D:2      | Noticed Natasha
  1185 | D:2      | Killed Natasha
  1245 | D:2      | Gained mutation: You expend magic power (3 MP) to strengthen your wands. [potion of mutation]
  1245 | D:2      | Gained mutation: You have supernaturally acute eyesight. (SInv) [potion of mutation]
  1692 | D:2      | Reached XP level 5. HP: 40/40 MP: 8/8
  1698 | D:2      | Reached skill level 5 in Unarmed Combat
  2645 | D:3      | Learned a level 5 spell: Blade Hands
  2649 | D:3      | Learned a level 3 spell: Spider Form
  2895 | D:4      | Found a sparkling altar of Nemelex Xobeh.
  3008 | D:4      | Reached XP level 6. HP: 47/47 MP: 9/9
  3088 | D:4      | Became a worshipper of Nemelex Xobeh the Trickster
  3243 | D:4      | Reached skill level 6 in Unarmed Combat
  3357 | D:4      | Found a runed door.
  3365 | D:4      | Noticed Crazy Yiuf
  3376 | D:4      | Killed Crazy Yiuf
  3386 | D:4      | HP: 2/47 [poisoned by Crazy Yiuf]
  3391 | D:4      | HP: 1/47 [poisoned by Crazy Yiuf]
  3615 | D:5      | Entered Level 5 of the Dungeon
  3741 | D:5      | Received a gift from Nemelex Xobeh
  3793 | D:5      | Found Guaczigh's Food Boutique.
  3871 | D:5      | Your scales start taking on a fiery red colour.
  3871 | D:5      | Reached XP level 7. HP: 41/52 MP: 10/10
  3871 | D:5      | Gained mutation: Your flesh is heat resistant. (rF+) [Red Draconian growth]
  4323 | D:5      | Reached skill level 7 in Unarmed Combat
  4675 | D:5      | Reached skill level 5 in Transmutations
  4787 | D:6      | Got a dazzling dagger
  4807 | D:6      | Reached * piety under Nemelex Xobeh
  4814 | D:6      | Found a staircase to the Ecumenical Temple.
  4887 | D:6      | Reached skill level 8 in Unarmed Combat
  4887 | D:6      | Reached XP level 8. HP: 44/59 MP: 0/11
  5096 | D:6      | Reached skill level 9 in Unarmed Combat
  5122 | D:6      | Noticed Edmund
  5131 | D:6      | Killed Edmund
  6156 | D:7      | Found Goxicig's Jewellery Boutique.
  6180 | D:7      | Identified the +7 dagger of the Median {flame, MP-9 Str+3 Dex+3} (You found it on level 6 of the Dungeon)
  6312 | D:7      | Reached ** piety under Nemelex Xobeh
  6363 | D:7      | Reached skill level 10 in Unarmed Combat
  6371 | D:7      | Reached XP level 9. HP: 48/64 MP: 6/12
  6537 | D:7      | Received a gift from Nemelex Xobeh
  6677 | D:7      | Found a hide-covered altar of Uskayaw.
  6936 | D:8      | Noticed Psyche
  6942 | D:8      | Killed Psyche
  6942 | D:8      | Reached skill level 11 in Unarmed Combat
  6993 | D:8      | Noticed Pikel
  7003 | D:8      | Killed Pikel
  7041 | D:8      | Noticed Erica
  7050 | D:8      | Killed Erica
  7107 | D:8      | Received a gift from Nemelex Xobeh
  7114 | D:8      | Noticed Duffy's ghost (novice FoFi)
  7129 | D:8      | Killed Duffy's ghost
  7129 | D:8      | Reached skill level 12 in Unarmed Combat
  7129 | D:8      | Reached XP level 10. HP: 58/71 MP: 13/13
  7424 | D:8      | Noticed Maurice
  7437 | D:8      | Noticed Maurice
  7437 | D:8      | Maurice changed into Maurice the ice beast
  7438 | D:8      | Killed Maurice the ice beast
  7492 | D:8      | Noticed a two-headed ogre
  7501 | D:8      | Killed a two-headed ogre
  7507 | D:9      | fuck OFF
  7507 | D:9      | HP: 1/71 [red devil/trident[the player character] (5)]
  8053 | D:8      | Received a gift from Nemelex Xobeh
  8278 | D:9      | Noticed anet's ghost (journeyman DEWz)
  8291 | D:9      | Killed anet's ghost
  8291 | D:9      | Reached skill level 1 in Invocations
  8466 | D:9      | Noticed Grum
  8504 | D:9      | Killed Grum
  8541 | D:9      | Reached skill level 13 in Unarmed Combat
  8627 | D:9      | Reached *** piety under Nemelex Xobeh
  9105 | D:9      | Noticed a two-headed ogre
  9109 | D:9      | Killed a two-headed ogre
  9156 | D:9      | Reached XP level 11. HP: 72/84 MP: 14/14
  9238 | D:9      | Received a gift from Nemelex Xobeh
  9271 | D:9      | Noticed Gastronok
  9283 | D:9      | Killed Gastronok
  9355 | D:10     | Entered Level 10 of the Dungeon
  9613 | D:10     | Found Jyluqaont's Assorted Antiques.
  9621 | D:10     | Bought a bubbling puce potion for 32 gold pieces
  9621 | D:10     | Bought a long iron wand for 144 gold pieces
  9621 | D:10     | Bought a smoky golden potion for 32 gold pieces
  9621 | D:10     | Bought a scroll of identify for 72 gold pieces
  9729 | D:10     | Found a staircase to the Orcish Mines.
  9729 | D:10     | Noticed a two-headed ogre
  9737 | D:10     | Killed a two-headed ogre
  9802 | D:10     | Reached skill level 5 in Fighting
 10274 | D:10     | Received a gift from Nemelex Xobeh
 10295 | D:10     | Reached skill level 10 in Transmutations
 10747 | D:11     | Noticed an unseen horror
 10768 | D:11     | Killed an unseen horror
 10852 | D:11     | Found a staircase to the Lair.
 10852 | D:11     | Received a gift from Nemelex Xobeh
 10864 | D:11     | Reached skill level 14 in Unarmed Combat
 10895 | D:11     | Noticed a red ugly thing
 11022 | D:11     | Reached **** piety under Nemelex Xobeh
 11308 | D:11     | Reached skill level 5 in Invocations
 12005 | D:11     | Noticed a red ugly thing
 12023 | D:11     | Killed a red ugly thing
 12067 | D:11     | Received a gift from Nemelex Xobeh
 12133 | D:11     | Killed a red ugly thing
 12133 | D:11     | Reached XP level 12. HP: 97/97 MP: 1/16
 12446 | Lair:1   | Entered Level 1 of the Lair of Beasts
 12626 | Lair:1   | Received a gift from Nemelex Xobeh
 12954 | Lair:1   | Received a gift from Nemelex Xobeh
 13100 | Lair:2   | Found a hole to the Spider Nest.
 13224 | Lair:2   | Reached ***** piety under Nemelex Xobeh
 13382 | Lair:2   | Noticed a five-headed hydra
 13390 | Lair:2   | Killed a five-headed hydra
 13392 | Lair:2   | Found a staircase to the Shoals.
 13463 | Lair:2   | Received a gift from Nemelex Xobeh
 13573 | Lair:2   | Noticed an eight-headed hydra
 13580 | Lair:2   | Killed an eight-headed hydra
 13809 | Lair:2   | Noticed an eight-headed hydra
 13816 | Lair:2   | Killed an eight-headed hydra
 13985 | Lair:3   | Received a gift from Nemelex Xobeh
 13999 | Lair:3   | Reached skill level 15 in Unarmed Combat
 14180 | Lair:3   | Received a gift from Nemelex Xobeh
 14530 | Lair:3   | Reached ****** piety under Nemelex Xobeh
 15278 | Lair:4   | Received a gift from Nemelex Xobeh
 15353 | Lair:4   | Noticed a seven-headed hydra
 15628 | Lair:4   | Killed a seven-headed hydra
 16070 | Lair:4   | Reached XP level 13. HP: 108/108 MP: 8/19
 16230 | Lair:4   | Received a gift from Nemelex Xobeh
 16551 | Lair:5   | Noticed Josephine
 16559 | Lair:5   | Killed Josephine
 16573 | Lair:5   | Reached skill level 16 in Unarmed Combat
 16635 | Lair:5   | Received a gift from Nemelex Xobeh
 16643 | Lair:5   | Identified a scroll of acquirement
 16947 | Lair:5   | Received a gift from Nemelex Xobeh
 17414 | Lair:6   | Entered Level 6 of the Lair of Beasts
 17651 | Lair:6   | Received a gift from Nemelex Xobeh
 17785 | Lair:6   | Found a staircase to the Slime Pits.
 17785 | Lair:6   | Found a viscous altar of Jiyva.
 17814 | Lair:6   | FIGHT YOU STUPID FUCKS
 18271 | Lair:6   | Received a gift from Nemelex Xobeh
 18854 | Lair:6   | Mangled by a spriggan rider

Vault maps used:
D:1:      dpeg_arrival_rooms_c, st_stairs_12, minmay_pentomino_v2
D:2:      first_bread, uniq_natasha
D:3:      moated_statue
D:4:      nemelex_spade_bored_becter, uniq_crazy_yiuf_cottage
D:5:      serial_shops, shop_statue
D:6:      minmay_temple_entry_large_hall, minivault_5, uniq_edmund
D:7:      marbit_many_paths, serial_shops, kennysheep_little_box
D:8:      small_statue_intersection, uniq_psyche, uniq_erica, uniq_maurice,
          uniq_pikel
D:9:      david_nohive_1, uniq_gastronok, uniq_grum
D:10:     orc_0_dummy, serial_shops, nicolae_shop_overgrown_old_shop
D:11:     nicolae_whirlpool, david_lair_generic
Lair:2:   elwin_shoals_entry_stream, spider_nest_entry_funnel_web,
          serial_forest, infiniplex_forest_lined_3,
          infiniplex_forest_clump_double, infiniplex_forest_pool,
          infiniplex_forest_lined_room_2, infiniplex_forest_clump_large,
          infiniplex_forest_side_room
Lair:3:   minivault_24, disabler_island
Lair:4:   serial_bayou_ford_a, grunt_forest_large_clearing_hut
Lair:5:   lemuel_fruit_fields, serial_bayou_shore_b, grunt_megastairs_3,
          uniq_josephine
Lair:6:   minmay_lair_end_enchanted_forest, slime_altar_1, lookout_lair_type,
          minmay_lair_oklob_chamber, infiniplex_staircase_pool

Skill      XL: |  1  2  3  4  5  6  7  8  9 10 11 12 13 |
---------------+----------------------------------------+-----
Unarmed Combat | 4 5 6 8 10 12 13 14 15 16 | 16.7
Transmutations | 3 4 5 7 8 9 10 11 | 11.0
Fighting       | 4 6 8 9 |  9.7
Invocations    | 3 5 8 9 |  9.5
Dodging        | |  1.7
Spellcasting   | |  2.0

Action                   |  1- 3 |  4- 6 |  7- 9 | 10-12 | 13-15 || total
-------------------------+-------+-------+-------+-------+-------++-------
Melee: Unarmed           |    86 |    26 |       |   434 |   185 ||   731
       Tailslap          |     8 |     3 |       |    40 |    22 ||    73
       Kick              |     3 |       |       |       |       ||     3
       Headbutt          |     2 |       |       |       |       ||     2
       Punch             |       |       |       |    14 |    10 ||    24
 Fire: Hunting sling     |    32 |   179 |   252 |    89 |       ||   552
 Cast: Beastly Appendage |     4 |     3 |       |       |       ||     7
       Spider Form       |       |     2 |       |       |       ||     2
       Blade Hands       |       |       |       |    19 |     4 ||    23
 Abil: Breathe Fire      |       |       |     7 |    33 |     8 ||    48
Evoke: Wand              |       |       |    22 |    86 |    12 ||   120
       Deck              |       |       |     7 |    87 |    31 ||   125
       Lamp of fire      |       |       |       |       |     1 ||     1
  Use: Potion            |     1 |     3 |       |     7 |     1 ||    12
       Scroll            |     3 |     7 |     9 |    13 |     5 ||    37
 Stab: Distracted        |       |       |       |     4 |     1 ||     5
       Petrifying        |       |       |       |     1 |       ||     1
       Sleeping          |       |       |       |     1 |       ||     1
       Paralysed         |       |       |       |     4 |       ||     4
  Eat: Chunk             |       |     9 |    12 |    35 |    12 ||    68
       Fruit             |       |       |       |     8 |       ||     8
Armor: Skin              |    57 |    23 |    36 |   227 |    51 ||   394
Dodge: Dodged            |    90 |    63 |    69 |   334 |    71 ||   627
       Deflected         |       |       |     4 |    19 |     4 ||    27
